 Dungeon Crawl Stone Soup version 0.17-a0-1533-g2f57bce (webtiles) character file.

123 TheHolyPigeon the Bolt Thrower (level 4, -1/29 HPs)
             Began as a High Elf Hunter on July 16, 2015.
             Slain by a goblin
             ... wielding a +0 dagger
             ... led by Robin
              (4 damage)
             ... on level 3 of the Dungeon.
             The game lasted 00:09:10 (3210 turns).

TheHolyPigeon the Bolt Thrower (High Elf Hunter)    Turns: 3210, Time: 00:09:11

Health: -1/29      AC:  4    Str: 11    XL:     4   Next: 80%
Magic:  5/5        EV: 12    Int: 15    God:
Gold:   122        SH:  0    Dex: 19    Spells: 0 memorised, 3 levels left

rFire  . . .     SeeInvis .     c - +0 short sword
rCold  . . .     Clarity  .     d - +1 leather armour
rNeg   . . .     SustAt   .     (no shield)
rPois  +         Gourm    .     (no helmet)
rElec  .         Spirit   .     (no cloak)
rCorr  .         Warding  .     (no gloves)
rMut   .         Stasis   .     (no boots)
MR     .....                    (no amulet)
Stlth  ++........               l - +3 ring of dexterity
                                p - ring of poison resistance

@: not resistant to hostile enchantments, unstealthy
A: no striking features
a: no special abilities


You were on level 3 of the Dungeon.
You were not hungry.

You visited 1 branch of the dungeon, and saw 4 of its levels.
You also visited: Ossuary.

You collected 122 gold pieces.

Inventory:

Hand weapons
 a - a +2 hand crossbow
 c - a +0 short sword (weapon)
Armour
 d - a +1 leather armour (worn)
Jewellery
 l - a +3 ring of dexterity (right hand)
 m - an uncursed ring of flight
 p - a ring of poison resistance (left hand)
Magical devices
 k - a wand of magic darts (27)
Scrolls
 j - a scroll of identify
Potions
 f - a potion of agility
 g - a potion of curing
Comestibles
 e - 2 bread rations
 h - 3 slices of pizza
 i - a beef jerky


   Skills:
 - Level 2.0 Fighting
 + Level 0.8 Short Blades
 - Level 6.1 Crossbows
 - Level 2.1 Dodging
 - Level 1.1 Stealth


You had 3 spell levels left.
You didn't know any spells.

Dungeon Overview and Level Annotations

Branches:
Dungeon (4/15)
 Temple: D:4-7

Altars:
Sif Muna
Zin

Annotations:
D:3 Robin


Message History

* * * LOW HITPOINT WARNING * * *
You hit Robin.
Robin is almost dead.
The giant gecko barely misses you. The goblin hits you but does no damage.
Robin barely misses you.
You closely miss Robin.
Robin is almost dead.
The giant gecko barely misses you. The goblin barely misses you.
Robin hits you with a dagger.
* * * LOW HITPOINT WARNING * * *
The giant gecko closely misses you.
You closely miss Robin.
Robin is almost dead.
The goblin barely misses you. Robin hits you with a dagger.
* * * LOW HITPOINT WARNING * * *
The giant gecko closely misses you.
You hit Robin but do no damage.
Robin is almost dead.
The goblin hits you with a dagger.
You die...

#..................#.#...##
#.8.8.8.8.##########...#..#
#########....###......###.#
#.............##.####..#..#
#.#######.##..##.# ##....#
#.# #.##..##.# ##.#.#
####.# #.##..##.# #.#.#
#....#######.##.g##.# #.#.#
#.##.#........g@)...#
#.#.###
#†##.#.###.####.l####
#.....# #.##.#.###.####..#
#.....# #.##.<...........#
#.....# #.##.............#
#.....# #.####.#####.#####
#.....# #.# #.# #.# #..####
#.# #.# #.# #..#
#.####.#####.######## #..#


You could see Robin, a giant gecko and a goblin (frenzied).

Vanquished Creatures
  An orc wizard (D:3)
  A mummy (Ossuary)
  2 oozes (D:2)
  A worm (D:2)
  2 giant geckos
  4 orcs (D:3)
  6 bats
  4 giant cockroaches
  21 goblins
  7 hobgoblins
  A ball python (D:3)
  5 giant newts (D:1)
  A gnoll zombie (Ossuary)
  2 hobgoblin zombies (Ossuary)
  6 kobolds
  An orc zombie (Ossuary)
  2 rats
67 creatures vanquished.

Vanquished Creatures (others)
  A scorpion (D:4)
  A hound (D:4)
  An adder (D:4)
  A worm (D:4)
  A hobgoblin (D:4)
  A rat (D:4)
6 creatures vanquished.

Grand Total: 73 creatures vanquished

Notes
Turn   | Place    | Note
--------------------------------------------------------------
     0 | D:1      | TheHolyPigeon the High Elf Hunter began the quest for the Orb.
     0 | D:1      | Reached XP level 1. HP: 14/14 MP: 2/2
   372 | D:1      | Reached XP level 2. HP: 19/19 MP: 3/3
  1286 | D:2      | Reached skill level 5 in Crossbows
  1286 | D:2      | Reached XP level 3. HP: 24/24 MP: 4/4
  1709 | D:2      | Found a deep blue altar of Sif Muna.
  2116 | D:3      | Found a glowing silver altar of Zin.
  2149 | D:3      | Reached XP level 4. HP: 29/29 MP: 5/5
  2692 | D:4      | Reached skill level 6 in Crossbows
  2735 | D:4      | Found a sand-covered staircase.
  2743 | Ossuary  | Entered an ossuary
  2789 | D:4      | Noticed Robin
  3210 | D:3      | Slain by a goblin

Vault maps used:
D:1:      lightli_arrival_noodles, amethyst_killhole
D:2:      lemuel_blue_sif_altar, first_bread, minmay_misc_feat_nine_boxes
D:3:      kennysheep_the_goblin_king, nicolae_overflow_hidden_temple,
          minmay_misc_feat_tower
D:4:      nicolae_ossuary_entry_ruins, xom_confusion_cloud,
          uniq_crazy_yiuf_cottage, uniq_duvessa, uniq_robin
Ossuary:  ossuary_tomb_3

Action                   |  1- 3 |  4- 6 || total
-------------------------+-------+-------++-------
Melee: Short sword       |    11 |    34 ||    45
 Fire: Hand crossbow     |    83 |    43 ||   126
  Use: Scroll            |     7 |     4 ||    11
       Potion            |     6 |       ||     6
  Eat: Pizza             |     1 |       ||     1
       Fruit             |     4 |       ||     4
       Meat ration       |       |     1 ||     1
